 Dungeon Crawl Stone Soup version 0.27.1-34-g3ba077fa99 (webtiles) character file.

Game seed: 1203551563201052068

470840 shadowrider38 the Brawler (level 23, -2/202 (252) HPs)
             Began as a Troll Hunter on Jan 6, 2022.
             Was the Champion of Okawaru.
             Killed from afar by a deep elf death mage (36 damage)
             ... with a bolt of negative energy
             ... on level 2 of the Depths.
             The game lasted 02:48:17 (56163 turns).

shadowrider38 the Brawler (Troll Hunter)           Turns: 56163, Time: 02:48:18

HP:   -2/202 (252)  AC: 26    Str: 33      XL:     23   Next: 53%
MP:   13/13         EV:  9    Int:  7      God:    Okawaru [******]
Gold: 3089          SH: 28    Dex: 15 (16) Spells: 22/22 levels left

rFire    + . .     SeeInvis .     - Unarmed
rCold    + + .     Faith    .   P - +6 tower shield of Duty {rPois Regen+ MP-9 Dex+6}
rNeg     . . .     Spirit   .   O - +6 acid dragon scales
rPois    +         Reflect  .   D - +1 hat of Lemulez {Will+}
rElec    +         Harm     .   R - +2 cloak {Will+}
rCorr    +         Rampage  .   (gloves unavailable)
Will     +++..                  (boots unavailable)
Stlth    ++........             v - amulet of regeneration
HPRegen  3.43/turn              A - ring of Elounopa {Fly rElec rF+ Str+2}
MPRegen  0.13/turn              T - ring of Duczapp {Fly rC++ AC+4 Str-2 Stlth+}

@: flying, slowed, studying Hexes, heavily drained, very slow
A: large, unfitting armour, claws 3, regeneration 1, shaggy fur 1, tough skin 1,
deterioration 1
}: 2/15 runes: decaying, gossamer
a: Renounce Religion, Heroism, Finesse


You were on level 2 of the Depths.
You worshipped Okawaru.
Okawaru was exalted by your worship.
You visited 9 branches of the dungeon, and saw 40 of its levels.
You visited 1 bazaar.
You also visited: Sewer, Gauntlet, Volcano and Wizlab.

You collected 5793 gold pieces.
You spent 2704 gold pieces at shops.

Inventory:

Missiles
 d - 6 throwing nets
 j - 25 javelins
 w - 22 curare-tipped darts
 I - 10 silver boomerangs
 V - 69 large rocks (quivered)
 X - 8 boomerangs of dispersal
 Y - 6 silver javelins
Armour
 s - the +4 moon troll leather armour {Spirit, Regen++ MP+5}
   (You took it off a moon troll in a wizard's laboratory)

   MP:        It affects your magic capacity (+5).
   Regen:     It increases your rate of health regeneration.
 D - the +1 hat of Lemulez (worn) {Will+}
   (Okawaru gifted it to you on level 14 of the Dungeon)

   Will:      It increases your willpower.
 O - +6 acid dragon scales (worn)
 P - the +6 tower shield of Duty (worn) {rPois Regen+ MP-9 Dex+6}
   (You bought it in a shop on level 4 of the Dungeon)

   Dex:       It affects your dexterity (+6).
   rPois:     It protects you from poison.
   MP:        It affects your magic capacity (-9).
   Regen:     It increases your rate of health regeneration.
 R - a +2 cloak of willpower (worn)
Jewellery
 v - an amulet of regeneration (around neck)
 A - the ring of Elounopa (left claw) {Fly rElec rF+ Str+2}
   (You found it in a Gauntlet)

   [ring of flight]

   Str:       It affects your strength (+2).
   rF:        It protects you from fire.
   rElec:     It insulates you from electricity.
   Fly:       It grants you flight.
 T - the ring of Duczapp (right claw) {Fly rC++ AC+4 Str-2 Stlth+}
   (You found it in a wizard's laboratory)

   [ring of protection]

   AC:        It affects your AC (+4).
   Str:       It affects your strength (-2).
   rC:        It greatly protects you from cold.
   Fly:       It grants you flight.
   Stlth:     It makes you more stealthy.
Wands
 b - a wand of acid (39)
 c - a wand of digging (13)
 n - a wand of charming (13)
 o - a wand of flame (97)
 q - a wand of polymorph (74)
 C - a wand of iceblast (38)
 E - a wand of mindburst (24)
 J - a wand of paralysis (40)
Scrolls
 f - 3 scrolls of vulnerability
 i - 6 scrolls of fear
 k - 2 scrolls of summoning
 p - 3 scrolls of magic mapping
 r - 6 scrolls of enchant armour
 t - 6 scrolls of brand weapon
 u - 3 scrolls of immolation
 x - 17 scrolls of teleportation
 H - 5 scrolls of blinking
 K - 2 scrolls of holy word
 N - 2 scrolls of silence
 S - 5 scrolls of fog
 Z - a scroll of torment
Potions
 a - a potion of invisibility
 g - 12 potions of mutation
 h - 5 potions of attraction
 l - 6 potions of heal wounds
 m - 13 potions of curing
 z - 6 potions of lignification
 B - 3 potions of resistance
 F - 8 potions of ambrosia
 G - 6 potions of haste
 M - a potion of berserk rage
 Q - 11 potions of might
 W - 3 potions of cancellation
Miscellaneous
 e - a condenser vane
 y - a phantom mirror
 L - a phial of floods
 U - a tin of tremorstones (2/2)


   Skills:
 + Level 19.0 Fighting
 - Level 16.8 Throwing
 - Level 15.1 Armour
 - Level 1.5 Dodging
 - Level 0.3 Stealth
 - Level 15.0 Shields
 + Level 19.8 Unarmed Combat


You had 22 spell levels left.
You didn't know any spells.
Your spell library contained the following spells:

 Spells                   Type           Power      Damage    Failure   Level
 Apportation              Tloc           0%         N/A       45%         1
 Freeze                   Ice            0%         1d3       45%         1
 Magic Dart               Conj           0%         1d3       45%         1
 Pain                     Necr           0%         1d4       45%         1
 Sandblast                Erth           0%         2d4       45%         1
 Shock                    Conj/Air       0%         1d3       45%         1
 Sting                    Tmut/Pois      0%         1d3       45%         1
 Blink                    Tloc           N/A        N/A       61%         2
 Call Imp                 Summ           0%         N/A       61%         2
 Passwall                 Tmut/Erth      0%         N/A       61%         2
 Poisonous Vapours        Pois/Air       0%         N/A       61%         2
 Searing Ray              Conj           0%         3d3       61%         2
 Static Discharge         Conj/Air       0%         N/A       61%         2
 Sublimation of Blood     Necr           0%         N/A       61%         2
 Wereblood                Tmut           0%         N/A       61%         2
 Call Canine Familiar     Summ           0%         N/A       83%         3
 Frozen Ramparts          Ice            0%         1d2       83%         3
 Gell's Gravitas          Tloc           0%         N/A       83%         3
 Ignite Poison            Fire/Tmut/Pois 0%         N/A       83%         3
 Lesser Beckoning         Tloc           0%         N/A       83%         3
 Mephitic Cloud           Conj/Pois/Air  0%         N/A       83%         3
 Stone Arrow              Conj/Erth      0%         3d7       83%         3
 Swiftness                Air            0%         N/A       83%         3
 Teleport Other           Tloc           0%         N/A       83%         3
 Tukima's Dance           Hex            0%         N/A       83%         3
 Airstrike                Air            0%         N/A       99%         4
 Animate Armour           Summ/Erth      0%         N/A       99%         4
 Dispel Undead            Necr           0%         3d6       99%         4
 Fulminant Prism          Conj/Hex       0%         3d6       99%         4
 Hailstorm                Conj/Ice       0%         3d3       99%         4
 Ice Form                 Ice/Tmut       0%         N/A       99%         4
 Iskenderun's Mystic Bla  Conj/Tloc      0%         2d3       99%         4
 Olgreb's Toxic Radiance  Pois           0%         N/A       99%         4
 Passage of Golubria      Tloc           N/A        N/A       99%         4
 Sticky Flame             Conj/Fire      0%         2d3       99%         4
 Summon Lightning Spire   Summ/Air       0%         N/A       99%         4
 Alistair's Intoxication  Tmut/Pois      0%         N/A       100%        5
 Bolt of Magma            Conj/Fire/Erth 0%         4d4       100%        5
 Fireball                 Conj/Fire      0%         3d3       100%        5
 Freezing Cloud           Conj/Ice/Air   0%         6-21      100%        5
 Irradiate                Conj/Tmut      0%         3d14      100%        5
 Iskenderun's Battlesphe  Conj           0%         2d6       100%        5
 Lee's Rapid Deconstruct  Erth           0%         3d5*      100%        5
 Lightning Bolt           Conj/Air       0%         1d11      100%        5
 Yara's Violent Unravell  Hex/Tmut       0%         3d3       100%        5
 Conjure Ball Lightning   Conj/Air       0%         3x3d6     100%        6
 Invisibility             Hex            0%         N/A       100%        6
 Iron Shot                Conj/Erth      0%         9d1       100%        6
 Simulacrum               Ice/Necr       0%         N/A       100%        6
 Orb of Destruction       Conj           0%         N/A       100%        7
 Summon Hydra             Summ           0%         N/A       100%        7
 Discord                  Hex            0%         N/A       100%        8
 Disjunction              Tloc           0%         N/A       100%        8
 Ignition                 Fire           0%         3d3       100%        8
 Lehudib's Crystal Spear  Conj/Erth      0%         10d2      100%        8
 Dragon's Call            Summ           0%         N/A       100%        9
 Polar Vortex             Ice            0%         N/A       100%        9


Dungeon Overview and Level Annotations

Branches:
Dungeon (15/15)            Temple (1/1) D:4            Lair (6/6) D:9
  Swamp (4/4) Lair:2       Spider (4/4) Lair:3        Slime (0/5) Lair:6
    Orc (2/2) D:12            Elf (2/3) Orc:2        Vaults (4/5) D:14
  Crypt (0/3) Vaults:2     Depths (2/5) D:15          Sewer (visited)
Volcano (visited)          WizLab (visited)         Gauntlet (visited)

Altars:
Ashenzari
Cheibriados
Dithmenos
Elyvilon
Fedhas
Gozag
Hepliaklqana
Kikubaaqudgha
Makhleb
Nemelex Xobeh
Okawaru
Qazlal
Ru
Sif Muna
Trog
Uskayaw
Vehumet
Wu Jian
Xom
Yredelemnul
Zin
The Shining One
Jiyva

Shops:
D:4 [   Orc:2 *[:!   Elf:2 :   Vaults:1 *   Vaults:3 [!?

Portals:
Trove: D:10 (give +4 shadow dragon scales)

Annotations:
D:11 2 runed translucent doors, KittyFluff's ghost, journeyman GrBe
D:15 1 runed translucent door
Elf:1 6 runed translucent doors
Vaults:1 3 runed translucent doors, Gorgondantess's ghost, adept PaWr
Depths:2 exclusion: orange crystal statue


Innate Abilities, Weirdness & Mutations

You are too large for most types of armour.
You have claws for hands.
Your natural rate of healing is unusually fast.
You are covered in fur. (AC +1)
You have tough skin. (AC +1)
Your body sometimes deteriorates upon taking damage.


Message History

The deep elf death mage beckons forth a restless soul!
The orange crystal statue glitters.
You resist with almost no effort.
Your purple very ugly thing appears confused. x2
Your purple very ugly thing easily resists.
Your tengu warrior appears confused. x2
You hear a deafening roar!
A titan simulacrum comes into view.
Found a thick smoking staff and a scroll of amnesia.
You feel sick.
You are no longer poisoned.
The orange crystal statue glitters.
Your tengu warrior hits the plant with a +0 dire flail!!
The plant begins to die.
Your tengu warrior pecks the plant.
Your tengu warrior claws the plant.
Your tengu warrior hits itself with a +0 dire flail!
Your tengu warrior completely misses itself.
Your tengu warrior claws itself.
Your tengu warrior hits the plant with a +0 battleaxe.
The plant begins to die.
Your tengu warrior hits the plant with a +0 battleaxe!
The plant begins to die.
Your tengu warrior pecks the plant.
Your tengu warrior completely misses the plant.
The soul eater hits the plant.
The plant begins to die.
Throw: 70 large rocks
Press: ? - help, Q - select action, (/) - cycle Shift-Dir - straight line, f - deep elf death mage
Aim: a deep elf death mage, wielding a +0 short sword (67% to hit)
You throw a large rock.
The large rock hits the deep elf death mage!!!
The deep elf death mage is severely wounded.
The spriggan air mage dissolves into shadows!
The hell knight dissolves into shadows!
A nearby plant withers and dies.
Your purple very ugly thing stings the plant!!
The plant begins to die.
Your purple very ugly thing tentacle-slaps the plant!!
Your purple very ugly thing tentacle-slaps itself!!
The soul eater hits the plant!
The deep elf death mage gestures at you while chanting.
The bolt of negative energy hits you!!!
You feel drained.
You die...

*##......####,,,,≈
#..........#,,,,≈
**##########........#,,,,,
*,?.pPPP..##....T...+,,,,,
*,|.pPPPP.##...e....#,,,,,
*,.GDC.Puu##...#....#,,,,,
*,p83P..P.##..##....#*+***
*,.PPPuP.Q##*.##....#,,,*,
*,.pP....@e(Z.##....#,,,*,
*,P.Z.P.P.##G.###...#,,,*,
*,..P..Q..#*.## **,,*,,,*,
*,........#*## *********
**#########


You could see a frost giant (summoned), an ice dragon (summoned), an orange
crystal statue, a deep elf death mage (ally target), a great orb of eyes
(summoned), 3 hell knights, a soul eater (ally target), a necromancer
(summoned), a lost soul (summoned), a spriggan defender simulacrum (ally
target), a titan simulacrum, 3 friendly very ugly things, 2 friendly tengu
warriors and a friendly glowing orange brain (summoned).

Vanquished Creatures
  Sojobo (Vaults:3)
  Bai Suzhen (Vaults:2)
  The ghost of rgbqcd the Executioner, a veteran MiBe of Trog (Vaults:4)
  Xtahua (Vaults:3)
  Nikola (Elf:1)
  A tentacled monstrosity (Swamp:4)
  Asterion (Spider:4)
  2 liches
  Jorgrun (D:12)
  A deep elf blademaster (Elf:2)
  A quicksilver dragon (WizLab)
  A moon troll (WizLab)
  A deep elf master archer (Vaults:1)
  Frances (Spider:1)
  Kirke (Lair:3)
  9 tentacled starspawn (WizLab)
  3 tengu reavers (Vaults:3)
  Donald (Spider:1)
  Agnes (D:15)
  8 fenstrider witches
  A fire giant (Depths:2)
  A cacodemon (WizLab)
  The ghost of Ykec Esm the Carver, a journeyman DrWn of Ashenzari (Swamp:3)
  12 vault wardens
  2 spectral juggernauts (Depths:2)
  Aizul (Swamp:1)
  An orc warlord (Vaults:3)
  A spectral caustic shrike (Depths:2)
  7 ghost moths
  15 ironbound preservers
  7 war gargoyles
  5 emperor scorpions
  6 ghouls (Swamp:4)
  A reaper (Swamp:4)
  A caustic shrike skeleton (Depths:2)
  16 very ugly things
  5 stone giants
  2 vampire knights (Depths:2)
  3 deep elf annihilators
  A deep elf demonologist (Elf:1)
  2 entropy weavers
  6 bunyips
  A minotaur (Gauntlet)
  A spectral titan (Depths:2)
  12 dire elephants
  2 spark wasps (Spider:4)
  5 deep elf death magi
  An eidolon (Vaults:2)
  A blizzard demon (Gauntlet)
  4 ettins
  Snorg (Orc:1)
  Josephine (D:10)
  2 eleionomae (Swamp:4)
  A fire dragon (Lair:6)
  A crystal guardian (Vaults:4)
  A green death (Swamp:4)
  2 deep elf high priests (Elf:1)
  A shambling mangrove (Swamp:3)
  7 yaktaur captains
  Harold (D:7)
  10 great orbs of eyes
  8 ironbound thunderhulks
  A naga warrior (Vaults:1)
  4 peacekeepers
  An ogre mage (Swamp:4)
  An ice dragon (Lair:6)
  3 boulder beetles
  Erolcha (D:10)
  13 vault guards
  A ghost crab (Swamp:1)
  A spriggan air mage (Swamp:1)
  20 hydras
  13 centaur warriors
  3 spectral frost giants (Depths:2)
  A spectral shadow dragon (Depths:2)
  2 spectral stone giants (Depths:2)
  8 alligators
  A catoblepas (Lair:5)
  11 ironbound frosthearts
  8 death scarabs (Spider:4)
  2 two-headed ogres
  An orc high priest (Orc:2)
  5 spriggan berserkers
  19 dancing weapons
  3 tengu warriors
  3 vampire magi (Depths:2)
  12 ironbound beastmasters
  A spectral spriggan (Depths:2)
  Nergalle (Lair:2)
  9 death yaks
  A spectral elf (Depths:2)
  Sonja (Lair:3)
  A wretched star (WizLab)
  2 soul eaters (Depths:2)
  The ghost of DemonSlayer the Cleaver, a novice TeBe of Trog (D:9)
  17 deep elf knights
  A spectral emperor scorpion (Spider:4)
  2 death drakes
  4 goliath frogs
  39 deep trolls
  5 skeletal warriors
  3 sixfirhies (Swamp:4)
  8 spriggan druids
  A spark wasp zombie (Depths:2)
  6 bog bodies
  6 swamp dragons
  4 glowing orange brains (WizLab)
  A shadow dragon zombie (Vaults:3)
  2 flayed ghosts (Depths:2)
  11 deep elf archers
  10 lindwurms
  A spectral iron dragon (Depths:2)
  3 sea snakes (D:15)
  A tengu zombie (Depths:2)
  Pikel (D:8)
  7 necromancers
  14 wizards
  15 deep elf zephyrmancers
  5 phantasmal warriors
  2 orange crystal statues
  2 wolf spider zombies (Spider:4)
  23 ironbound convokers
  22 deep elf pyromancers
  3 spectral wolf spiders (Spider:4)
  A stone giant zombie (D:15)
  An oklob plant (Lair:4)
  3 orc knights
  10 orc sorcerers
  38 wolf spiders
  31 orb spiders
  2 tengu skeletons
  2 manticores (D:12)
  A fire giant zombie (Depths:1)
  6 cyclopes
  8 will-o-the-wisps
  40 slime creatures
  54 ugly things
  An iron dragon skeleton (D:15)
  4 moths of wrath
  A fire giant skeleton (Vaults:4)
  A guardian serpent (shapeshifter) (D:15)
  Maurice (D:12)
  15 vault sentinels
  7 eyes of devastation (WizLab)
  2 stone giant skeletons
  A gargoyle (D:14)
  16 elephants (Lair:5)
  13 black mambas
  5 torpor snails
  4 molten gargoyles
  3 orange demons (Swamp:4)
  2 spriggan skeletons
  5 rime drakes
  17 cane toads
  14 komodo dragons
  22 yaktaurs
  2 unseen horrors
  Maggie (Lair:2)
  3 spectral redbacks (Spider:4)
  8 demonic crawlers
  2 kobold demonologists
  An efreet (Volcano)
  An elf skeleton (Depths:1)
  A redback zombie (Spider:4)
  A hellwing (Swamp:4)
  2 tengu conjurers (D:14)
  3 trolls
  2 human skeletons (Vaults:3)
  46 jumping spiders
  A spectral human (Depths:2)
  Grinder (D:6)
  2 spectral jumping spiders (Spider:4)
  4 spectral tarantellas (Spider:4)
  7 tyrant leeches
  3 polar bears
  23 blink frogs
  12 dream sheep
  15 hornets
  An elf zombie (Vaults:4)
  A slime creature (shapeshifter) (Vaults:3)
  A dream sheep (shapeshifter) (Vaults:4)
  A deep troll zombie (Vaults:3)
  A spriggan zombie (Depths:2)
  2 jumping spider zombies (Spider:4)
  61 redbacks
  2 shadows
  24 tarantellas
  3 wyverns
  6 wraiths
  7 spriggans
  6 fire elementals
  An ice dragon skeleton (Depths:1)
  A tarantella (shapeshifter) (Elf:2)
  4 air elementals (Elf:1)
  Eustachio (D:4)
  A human (shapeshifter) (D:9)
  4 water elementals
  7 basilisks
  2 neqoxecs
  51 yaks
  8 golden eyes (WizLab)
  2 chaos spawn (Swamp:4)
  14 vampire mosquitoes
  2 fire bats (Volcano)
  A basilisk (shapeshifter) (Elf:1)
  2 wargs
  6 swamp worms
  12 water moccasins
  4 hell hounds (Lair:6)
  A meliai simulacrum (D:14)
  21 orc warriors
  A spectral hornet (Spider:4)
  A hornet zombie (Spider:4)
  4 black bears
  7 starcursed masses (WizLab)
  2 necrophages
  An ice beast (D:5)
  8 ogres
  2 boggarts (D:14)
  4 wolves (Lair:6)
  An ogre (shapeshifter) (D:9)
  12 centaurs
  2 lemures (D:8)
  3 human zombies (Vaults:4)
  2 phantoms (D:6)
  Blork the orc (D:6)
  14 kobold brigands
  15 bullfrogs
  2 wyvern zombies
  3 earth elementals
  3 scorpions
  2 gnoll sergeants
  A water moccasin zombie (D:5)
  A water moccasin skeleton (D:5)
  13 killer bees
  8 wights
  13 lava snakes
  7 howler monkeys
  6 centaur zombies
  A bullfrog zombie (D:5)
  Crazy Yiuf (D:4)
  2 gnoll shamans
  A jelly (D:4)
  25 orc priests
  2 bullfrog skeletons
  2 hounds
  3 centaur skeletons
  3 iguanas
  24 orc wizards
  A killer bee zombie (D:7)
  A hound zombie (D:5)
  Robin (D:4)
  19 gnolls
  11 adders
  6 river rats
  A shadow imp (D:7)
  6 white imps
  2 ufetubi
  An adder skeleton (D:4)
  8 worms
  A worm (shapeshifter) (D:9)
  4 dart slugs
  47 orcs
  8 ball pythons
  6 bats
  7 endoplasms
  6 giant cockroaches
  14 goblins
  11 hobgoblins
  2 jackals (D:5)
  4 quokkas
  5 frilled lizards
  28 kobolds
  10 rats
  A starspawn tentacle (WizLab)
1719 creatures vanquished.

Vanquished Creatures (others)
  A ghost moth (Spider:4)
  A deep elf knight (Elf:1)
  A bog body (Swamp:1)
  A deep elf zephyrmancer (Elf:1)
  2 wolf spiders
  4 bloated husks
  A jumping spider (Spider:3)
  A water elemental (Elf:1)
  A vampire (D:14)
  2 humans
  A boggart (D:14)
  A centaur (D:14)
  An orc priest (Orc:2)
  An orc wizard (Orc:2)
  An orc (Elf:1)
  5 demonic plants
  49 foxfires
  36 fungi
  48 plants
  28 starspawn tentacles (WizLab)
  5 withered plants
191 creatures vanquished.

Grand Total: 1910 creatures vanquished

Notes
Turn   | Place    | Note
-------+----------+-------------------------------------------
     0 | D:1      | shadowrider38 the Troll Hunter began the quest for the Orb.
     0 | D:1      | Reached XP level 1. HP: 19/19 MP: 0/0
   134 | D:1      | Reached skill level 1 in Unarmed Combat
   263 | D:1      | Reached XP level 2. HP: 28/28 MP: 1/1
   641 | D:2      | Found an ancient bone altar of Kikubaaqudgha.
   706 | D:2      | Reached XP level 3. HP: 35/35 MP: 2/2
   879 | D:2      | Found a faded altar of an unknown god.
  1109 | D:3      | Found a radiant altar of Vehumet.
  1299 | D:3      | Reached XP level 4. HP: 44/44 MP: 3/3
  1506 | D:3      | Found a shimmering blue altar of Sif Muna.
  1945 | D:3      | Found a burning altar of Makhleb.
  2161 | D:3      | Got the Volume of Displacement and Fire
  2477 | D:4      | Noticed Robin
  2499 | D:4      | Killed Robin
  2506 | D:4      | Reached XP level 5. HP: 53/53 MP: 4/4
  2557 | D:4      | You fall into a shaft and drop 2 floors!
  2655 | D:6      | Noticed Blork the orc
  2670 | D:6      | Killed Blork the orc
  2804 | D:6      | Noticed Grinder
  2804 | D:6      | Noticed a necrophage
  2808 | D:6      | Paralysed by Grinder for 3 turns
  2838 | D:6      | Killed a necrophage
  2839 | D:6      | Reached XP level 6. HP: 54/62 MP: 5/5
  2862 | D:6      | Killed Grinder
  2863 | D:6      | Reached skill level 5 in Unarmed Combat
  2863 | D:6      | Reached XP level 7. HP: 34/71 MP: 6/6
  2938 | D:6      | Found a basalt altar of Yredelemnul.
  2972 | D:6      | Found a glowing drain.
  3018 | Sewer    | Entered a sewer
  3476 | Sewer    | Reached skill level 5 in Fighting
  4281 | D:6      | Found an ancient bone altar of Kikubaaqudgha.
  4284 | D:6      | Noticed a human
  4285 | D:6      | Killed a human
  4294 | D:6      | Reached XP level 8. HP: 79/83 MP: 7/7
  4582 | D:7      | Noticed Harold
  4718 | D:7      | Killed Harold
  4748 | D:7      | Reached XP level 9. HP: 49/93 MP: 8/8
  5326 | D:7      | Found a sparkling altar of Nemelex Xobeh.
  5326 | D:7      | Found a bloodstained altar of Trog.
  5333 | D:7      | Found a hazy altar of Hepliaklqana.
  5579 | D:7      | Reached skill level 5 in Throwing
  5957 | D:8      | Noticed a kobold demonologist
  6061 | D:8      | Reached skill level 10 in Unarmed Combat
  6135 | D:8      | Killed a kobold demonologist
  6153 | D:8      | Reached XP level 10. HP: 100/102 MP: 9/9
  6965 | D:8      | Noticed Pikel
  6992 | D:8      | Killed Pikel
  7622 | D:10     | Entered Level 10 of the Dungeon
  7811 | D:9      | Found a staircase to the Lair.
  8180 | D:9      | Found a runed translucent gate.
  8180 | D:9      | Found a runed translucent gate.
  8182 | D:9      | Noticed a red ugly thing
  8184 | D:9      | Noticed a cyan ugly thing
  8185 | D:9      | Found a runed translucent gate.
  8186 | D:9      | Noticed a cyan ugly thing
  8624 | Lair:1   | Entered Level 1 of the Lair of Beasts
  8731 | D:10     | Noticed Josephine
  8764 | D:10     | Killed Josephine
  8765 | D:10     | Reached XP level 11. HP: 17/113 MP: 10/10
  8819 | D:10     | Noticed a white ugly thing
  8827 | D:10     | Killed a white ugly thing
  8943 | D:10     | Noticed Erolcha
  8954 | D:10     | Killed Erolcha
  9463 | D:10     | Reached skill level 1 in Armour
  9503 | D:10     | Found a portal to a secret trove of treasure.
  9542 | D:11     | Noticed a two-headed ogre
  9550 | D:11     | Killed a two-headed ogre
  9718 | D:11     | Noticed a centaur warrior
  9718 | D:11     | Noticed a lich
  9718 | D:11     | Noticed KittyFluff's ghost (journeyman GrBe)
  9719 | D:11     | Noticed a stone giant
  9720 | D:11     | Noticed a necromancer
  9720 | D:11     | Noticed a deep troll earth mage
  9764 | D:11     | Found a runed translucent door.
  9780 | D:11     | Found a runed translucent door.
 10167 | D:5      | Entered Level 5 of the Dungeon
 10482 | D:5      | Found a blossoming altar of Fedhas.
 10898 | D:4      | Noticed Eustachio
 10934 | D:4      | Killed Eustachio
 10967 | D:4      | Found Udiroesi's Antique Armour Shoppe.
 10975 | D:4      | Bought a jewelled tower shield for 142 gold pieces
 10975 | D:4      | Identified the +6 tower shield of Duty {rPois Regen+ MP-9
                  | Dex+6} (You bought it in a shop on level 4 of the Dungeon)
 11202 | D:4      | Found a runed translucent door.
 11203 | D:4      | Noticed Crazy Yiuf
 11269 | D:4      | Found a staircase to the Ecumenical Temple.
 11284 | Temple   | Entered the Ecumenical Temple
 11467 | Temple   | Became a worshipper of Warmaster Okawaru
 11564 | D:4      | Found a snail-covered altar of Cheibriados.
 11882 | D:4      | Killed Crazy Yiuf
 12397 | Lair:1   | Reached skill level 1 in Shields
 13006 | Lair:1   | Reached * piety under Okawaru
 13577 | Lair:2   | Noticed Nergalle
 13592 | Lair:2   | Killed Nergalle
 13632 | Lair:2   | Noticed Maggie
 13645 | Lair:2   | Killed Maggie
 13698 | Lair:2   | Reached XP level 12. HP: 123/123 MP: 2/11
 13720 | Lair:2   | Reached ** piety under Okawaru
 14018 | Lair:2   | Noticed an eight-headed hydra
 14342 | D:12     | You fall into a shaft and drop 2 floors!
 14424 | D:13     | Reached skill level 5 in Shields
 14561 | D:13     | Reached *** piety under Okawaru
 14647 | D:13     | Noticed a centaur warrior
 14660 | D:13     | Killed a centaur warrior
 14663 | D:13     | Noticed a centaur warrior
 14670 | D:13     | Killed a centaur warrior
 14820 | D:12     | Reached **** piety under Okawaru
 14965 | D:12     | Received a gift from Okawaru
 15198 | D:12     | Noticed Jorgrun
 15200 | D:12     | Noticed Maurice
 15207 | D:12     | Killed Jorgrun
 15223 | D:12     | Paralysed by something for 7 turns
 15245 | D:12     | Killed Maurice
 15315 | D:12     | Found a staircase to the Orcish Mines.
 15332 | D:12     | Reached skill level 15 in Unarmed Combat
 15332 | D:12     | Reached XP level 13. HP: 131/131 MP: 3/12
 16228 | D:13     | Found a glowing golden altar of the Shining One.
 16558 | D:13     | Reached ***** piety under Okawaru
 16682 | D:13     | Got the Volume of Frigorific Creation
 16901 | Orc:1    | Entered Level 1 of the Orcish Mines
 17106 | Orc:1    | Noticed Snorg
 17120 | Orc:1    | Killed Snorg
 17207 | Orc:1    | Received a gift from Okawaru
 17524 | Orc:2    | Entered Level 2 of the Orcish Mines
 17530 | Orc:2    | Found Yghuomne's Overcharged Wands.
 17536 | Orc:2    | Found a flickering gateway to a bazaar.
 17546 | Bazaar   | Entered a bazaar
 17560 | Bazaar   | Found Elilideypp's General Store.
 17581 | Bazaar   | Found Xibbutz's Distillery.
 17610 | Bazaar   | Found Xiten's Antique Armour Emporium.
 17730 | Bazaar   | Bought a scroll of identify for 32 gold pieces
 17730 | Bazaar   | Bought a scroll of teleportation for 48 gold pieces
 17730 | Bazaar   | Bought a potion of heal wounds for 80 gold pieces
 17730 | Bazaar   | Bought 3 curare-tipped darts for 28 gold pieces
 17730 | Bazaar   | Bought a potion of heal wounds for 80 gold pieces
 17751 | Bazaar   | Bought a potion of might for 40 gold pieces
 17751 | Bazaar   | Bought a potion of might for 40 gold pieces
 17751 | Bazaar   | Bought a potion of lignification for 30 gold pieces
 17751 | Bazaar   | Bought 2 potions of might for 80 gold pieces
 17840 | Orc:2    | Found a burning altar of Makhleb.
 17849 | Orc:2    | Found a dark tunnel.
 17858 | Volcano  | Entered a volcano
 18321 | Volcano  | Found a radiant altar of Vehumet.
 18429 | Volcano  | Noticed a stone giant
 18439 | Volcano  | Killed a stone giant
 19896 | Orc:2    | Found Izeakh's General Store.
 19896 | Orc:2    | Found Tuatoneq's Antique Armour Shop.
 19897 | Orc:2    | Found Cunga's Book Boutique.
 19901 | Orc:2    | Found Bisaph's Distillery.
 19954 | Orc:2    | Received a gift from Okawaru
 20013 | Orc:2    | Found a staircase to the Elven Halls.
 20167 | Orc:2    | Bought a potion of haste for 170 gold pieces
 20167 | Orc:2    | Bought a potion of heal wounds for 85 gold pieces
 20167 | Orc:2    | Bought a potion of might for 68 gold pieces
 20167 | Orc:2    | Bought a potion of haste for 170 gold pieces
 20629 | Lair:2   | Found a staircase to the Swamp.
 20893 | Lair:3   | Reached skill level 5 in Armour
 20967 | Lair:3   | Found a gate leading to a gauntlet.
 20976 | Gauntlet | Entered a Gauntlet
 20976 | Gauntlet | Found a transporter.
 20985 | Gauntlet | Found a transporter.
 20985 | Gauntlet | Noticed a dire elephant
 20986 | Gauntlet | Found a transporter.
 20989 | Gauntlet | Found a transporter.
 20990 | Gauntlet | Found a transporter.
 20991 | Gauntlet | Found a transporter.
 20992 | Gauntlet | Found a large runed translucent door.
 20993 | Gauntlet | Found a large runed translucent door.
 20993 | Gauntlet | Noticed a blizzard demon
 20994 | Gauntlet | Found a large runed translucent door.
 20994 | Gauntlet | Found a large runed translucent door.
 20994 | Gauntlet | Found a runed translucent door.
 20995 | Gauntlet | Found a large runed translucent door.
 20996 | Gauntlet | Found a large runed translucent door.
 20997 | Gauntlet | Found a large runed translucent door.
 20997 | Gauntlet | Found a large runed translucent door.
 20998 | Gauntlet | Found a runed translucent gate.
 20998 | Gauntlet | Found a runed translucent gate.
 21002 | Gauntlet | Found a transporter.
 21005 | Gauntlet | Found a transporter.
 21006 | Gauntlet | Found a runed translucent gate.
 21006 | Gauntlet | Found a runed translucent door.
 21019 | Gauntlet | Found a transporter.
 21041 | Gauntlet | Found a transporter.
 21041 | Gauntlet | Found a transporter.
 21048 | Gauntlet | Found a transporter.
 21114 | Gauntlet | Found a large runed translucent door.
 21115 | Gauntlet | Found a large runed translucent door.
 21116 | Gauntlet | Found a large runed translucent door.
 21116 | Gauntlet | Found a large runed translucent door.
 21117 | Gauntlet | Found a large runed translucent door.
 21118 | Gauntlet | Found a large runed translucent door.
 21119 | Gauntlet | Found a large runed translucent door.
 21119 | Gauntlet | Found a large runed translucent door.
 21354 | Gauntlet | Identified the -1 cloak "Loxt" {rC- rN+ Str+9 Slay-4}
 21373 | Gauntlet | Killed a blizzard demon
 21374 | Gauntlet | Reached XP level 14. HP: 131/140 MP: 1/13
 21380 | Gauntlet | Identified the ring of Elounopa {Fly rElec rF+ Str+2}
 21411 | Gauntlet | Received a gift from Okawaru
 21437 | Gauntlet | Got Adoxkeusk's Almanac of Companions and Evil Magic
 21526 | Lair:3   | Noticed Sonja
 21789 | Lair:4   | Found a runed translucent door.
 22370 | Lair:3   | Killed Sonja
 23160 | Lair:3   | Found a hole to the Spider Nest.
 24292 | Lair:4   | Identified the +9 war axe "Wamusiywn" {spect, Dex+4 Stlth+}
                  | (Okawaru gifted it to you on level 4 of the Lair of Beasts)
 24292 | Lair:4   | Received a gift from Okawaru
 24307 | Lair:4   | Reached XP level 15. HP: 149/149 MP: 3/14
 24378 | Lair:5   | Reached skill level 10 in Fighting
 24453 | Lair:5   | Found a transporter.
 24862 | Lair:5   | Identified the +12 great mace of the Hummingbird {drain,
                  | rPois Will- Dex+10 Stlth+} (Okawaru gifted it to you on
                  | level 5 of the Lair of Beasts)
 24862 | Lair:5   | Received a gift from Okawaru
 24997 | Lair:5   | Reached ****** piety under Okawaru
 25181 | Lair:5   | Found a transporter.
 25551 | Lair:5   | Reached XP level 16. HP: 161/161 MP: 4/15
 25635 | Lair:6   | Entered Level 6 of the Lair of Beasts
 25976 | D:9      | Received a gift from Okawaru
 25989 | D:9      | Found a runed translucent gate.
 25989 | D:9      | Found a runed translucent gate.
 25993 | D:9      | Noticed DemonSlayer's ghost (novice TeBe)
 25996 | D:9      | Found a runed translucent gate.
 26039 | D:9      | Killed DemonSlayer's ghost
 26678 | Lair:6   | Received a gift from Okawaru
 26977 | Lair:6   | Received a gift from Okawaru
 27140 | Lair:6   | Reached skill level 10 in Throwing
 27163 | Lair:6   | Found a viscous altar of Jiyva.
 27163 | Lair:6   | Found a staircase to the Slime Pits.
 27778 | Lair:6   | Found a large runed translucent door.
 27779 | Lair:6   | Found a large runed translucent door.
 28277 | D:15     | Entered Level 15 of the Dungeon
 28534 | D:15     | Found a runed translucent gate.
 28535 | D:15     | Found a runed translucent gate.
 28536 | D:15     | Found a runed translucent door.
 28540 | D:15     | Found the +9 staff of Olgreb {rPois∞}
 28544 | D:15     | Found a runed translucent door.
 28567 | D:15     | Found a staircase to the Depths.
 28833 | D:15     | Noticed Agnes
 28844 | D:15     | Killed Agnes
 28950 | D:15     | Found a runed translucent gate.
 29561 | D:15     | Received a gift from Okawaru
 29611 | D:15     | Received a gift from Okawaru
 29855 | D:14     | Reached XP level 17. HP: 172/174 MP: 7/16
 30729 | D:14     | Found a gate to the Vaults.
 30745 | D:14     | Identified the +1 hat of Lemulez {Will+} (Okawaru gifted it
                  | to you on level 14 of the Dungeon)
 30745 | D:14     | Received a gift from Okawaru
 31214 | Swamp:1  | Entered Level 1 of the Swamp
 31602 | Swamp:1  | Noticed Aizul
 31615 | Swamp:1  | Killed Aizul
 32209 | Swamp:2  | Found an ancient bone altar of Kikubaaqudgha.
 32337 | Swamp:2  | Received a gift from Okawaru
 32824 | Swamp:3  | Received a gift from Okawaru
 32907 | Swamp:3  | Found a runed translucent door.
 32908 | Swamp:3  | Noticed Ykec Esm's ghost (journeyman DrWn)
 33012 | Swamp:3  | Found a glowing golden altar of the Shining One.
 33127 | Swamp:3  | Paralysed by a hornet for 3 turns
 33413 | Swamp:3  | Killed Ykec Esm's ghost
 33525 | Spider:1 | Entered Level 1 of the Spider Nest
 33525 | Spider:1 | Noticed Kirke
 33533 | Lair:3   | Killed Kirke
 33714 | Spider:1 | Received a gift from Okawaru
 34057 | Spider:1 | Identified a scroll of acquirement
 34160 | Spider:1 | Noticed Frances
 34176 | Spider:1 | Killed Frances
 34176 | Spider:1 | Received a gift from Okawaru
 34434 | Spider:1 | Reached XP level 18. HP: 191/191 MP: 8/17
 34627 | Spider:1 | Noticed Donald
 34639 | Spider:1 | Killed Donald
 34651 | Spider:1 | Acquired a manual of Fighting
 35900 | Spider:2 | Reached skill level 15 in Fighting
 35954 | Spider:2 | Received a gift from Okawaru
 37554 | Elf:1    | Entered Level 1 of the Elven Halls
 37791 | Elf:1    | Noticed Nikola
 37819 | Elf:1    | Killed Nikola
 37892 | Elf:1    | Paralysed by an air elemental for 1 turns
 37895 | Elf:1    | Paralysed by an air elemental for 1 turns
 37898 | Elf:1    | Paralysed by an air elemental for 1 turns
 37910 | Elf:1    | Reached skill level 10 in Armour
 37939 | Elf:1    | Received a gift from Okawaru
 38120 | Elf:1    | Received a gift from Okawaru
 38133 | Elf:1    | Found a runed translucent gate.
 38133 | Elf:1    | Found a runed translucent gate.
 38133 | Elf:1    | Found a runed translucent gate.
 38133 | Elf:1    | Found a runed translucent gate.
 38133 | Elf:1    | Found a runed translucent gate.
 38135 | Elf:1    | Found a runed translucent gate.
 38388 | Elf:1    | Paralysed by an air elemental for 1 turns
 38431 | Elf:1    | Paralysed by an air elemental for 1 turns
 38612 | Elf:2    | Identified the +5 hand crossbow "Ferhaok" {freeze, rPois
                  | Dex+2} (Okawaru gifted it to you on level 2 of the Elven
                  | Halls)
 38612 | Elf:2    | Received a gift from Okawaru
 38741 | Elf:2    | Found a runed translucent gate.
 38741 | Elf:2    | Found a runed translucent gate.
 38741 | Elf:2    | Found a runed translucent gate.
 38924 | Elf:2    | Reached XP level 19. HP: 209/209 MP: 9/18
 38935 | Elf:2    | Found a bloodstained altar of Trog.
 39012 | Elf:2    | Found Zakeagiv's Book Boutique.
 39781 | Elf:2    | Received a gift from Okawaru
 40663 | Swamp:4  | Entered Level 4 of the Swamp
 40814 | Swamp:4  | Identified the +0 robe "Jouf" {+Inv rElec Will+ Regen+}
                  | (Okawaru gifted it to you on level 4 of the Swamp)
 40814 | Swamp:4  | Received a gift from Okawaru
 41180 | Swamp:4  | Gained mutation: Your body sometimes deteriorates upon
                  | taking damage. [a neqoxec]
 41967 | Swamp:4  | Paralysed by a fenstrider witch for 5 turns
 41974 | Swamp:4  | Received a gift from Okawaru
 42044 | Swamp:4  | Got a decaying rune of Zot
 42273 | Spider:4 | Entered Level 4 of the Spider Nest
 42991 | Spider:4 | Acquired 737 gold pieces
 43188 | Spider:4 | Noticed Asterion
 43199 | Spider:4 | Killed Asterion
 43216 | Spider:4 | Reached XP level 20. HP: 185/221 MP: 10/19
 43554 | Spider:4 | Received a gift from Okawaru
 43660 | Spider:4 | Identified the +9 great mace "Ifyimp" {drain, rElec}
                  | (Okawaru gifted it to you on level 4 of the Spider Nest)
 43660 | Spider:4 | Received a gift from Okawaru
 43724 | Spider:4 | Reached skill level 15 in Throwing
 43776 | Spider:4 | Reached skill level 10 in Shields
 44264 | Spider:4 | Got a gossamer rune of Zot
 44807 | Vaults:1 | Entered Level 1 of the Vaults
 44928 | Vaults:1 | Found Anetuot's General Store.
 44935 | Vaults:1 | Identified the +0 troll leather armour "Zoiduhom" {rPois
                  | Regen+ rCorr} (Okawaru gifted it to you on level 1 of the
                  | Vaults)
 44935 | Vaults:1 | Received a gift from Okawaru
 45285 | Vaults:1 | Bought 2 potions of might for 136 gold pieces
 45829 | Vaults:1 | Found a runed translucent gate.
 45829 | Vaults:1 | Found a runed translucent gate.
 45830 | Vaults:1 | Found a runed translucent gate.
 45877 | Vaults:1 | Identified the ring "Woogis" {rPois Will+ MP+9 Str+6 Int-4}
 45942 | Vaults:1 | Identified the +6 morningstar of Success {drain, Contam
                  | rElec rN+ Dex+2}
 45942 | Vaults:1 | Noticed Gorgondantess's ghost (adept PaWr)
 46247 | Vaults:1 | Reached XP level 21. HP: 230/230 MP: 11/20
 46350 | Vaults:1 | Found an iron altar of Okawaru.
 46415 | Vaults:2 | Received a gift from Okawaru
 46549 | Vaults:2 | Found a magical portal.
 46558 | WizLab   | Entered Lehudib's Moon Base
 46640 | WizLab   | Found a transporter.
 46722 | WizLab   | Received a gift from Okawaru
 47281 | WizLab   | Lost intelligence.
 47963 | WizLab   | Identified the ring of Heejeig {rF+ rCorr Int+4}
 49170 | WizLab   | Found a transporter.
 49577 | WizLab   | Identified the ring of Duczapp {Fly rC++ AC+4 Str-2 Stlth+}
 49777 | Vaults:2 | Received a gift from Okawaru
 50329 | Vaults:2 | Noticed Bai Suzhen
 50679 | Vaults:2 | Killed Bai Suzhen
 50679 | Vaults:2 | Received a gift from Okawaru
 50679 | Vaults:2 | Found the +4 skin of Zhor {*Englaciate rC+++ SInv}
 50680 | Vaults:2 | Reached XP level 22. HP: 220/239 MP: 13/21
 51198 | Vaults:2 | Found a staircase to the Crypt.
 52582 | Vaults:3 | Noticed Xtahua
 52587 | Vaults:3 | Noticed Sojobo
 52596 | Vaults:3 | Killed Xtahua
 52629 | Vaults:3 | Paralysed by an air elemental for 1 turns
 52704 | Vaults:3 | Paralysed by an air elemental for 1 turns
 52711 | Vaults:3 | Killed Sojobo
 52751 | Vaults:3 | Received a gift from Okawaru
 52883 | Vaults:3 | Found Udwetil's Magic Scroll Emporium.
 52883 | Vaults:3 | Found Becinir's Distillery.
 52919 | Vaults:3 | Received a gift from Okawaru
 53022 | Vaults:3 | Bought a scroll of fear for 63 gold pieces
 53022 | Vaults:3 | Bought a scroll of enchant armour for 135 gold pieces
 53022 | Vaults:3 | Bought 3 scrolls of teleportation for 162 gold pieces
 53022 | Vaults:3 | Bought a scroll of teleportation for 54 gold pieces
 53030 | Vaults:3 | Bought a potion of might for 68 gold pieces
 53030 | Vaults:3 | Bought a potion of mutation for 136 gold pieces
 53030 | Vaults:3 | Bought a potion of heal wounds for 85 gold pieces
 53030 | Vaults:3 | Bought a potion of haste for 170 gold pieces
 53030 | Vaults:3 | Bought a potion of lignification for 51 gold pieces
 53030 | Vaults:3 | Bought a potion of mutation for 136 gold pieces
 53030 | Vaults:3 | Bought a potion of berserk rage for 85 gold pieces
 53030 | Vaults:3 | Bought a potion of heal wounds for 85 gold pieces
 53038 | Vaults:3 | Found Biemu's Antique Armour Emporium.
 53147 | Vaults:3 | Bought a distressingly furry robe for 245 gold pieces
 53147 | Vaults:3 | Identified the +0 robe "Uxakluoj" {rC+ Str+4 Stlth-} (You
                  | bought it in a shop on level 3 of the Vaults)
 53471 | Vaults:3 | Reached skill level 15 in Shields
 53719 | Vaults:3 | Reached skill level 15 in Armour
 53987 | Vaults:4 | Identified the +5 great sword "Muvext" {vorpal, Str+2}
 54497 | Vaults:4 | Reached XP level 23. HP: 204/247 MP: 13/22
 54533 | Vaults:4 | Received a gift from Okawaru
 54698 | Vaults:4 | Found a runed translucent door.
 54698 | Vaults:4 | Noticed rgbqcd's ghost (veteran MiBe)
 55188 | Vaults:4 | Killed rgbqcd's ghost
 55188 | Vaults:4 | Received a gift from Okawaru
 55202 | Vaults:4 | Got the Compendium of Harmful Orientation
 55659 | Depths:1 | Entered Level 1 of the Depths
 55661 | Depths:1 | You are sucked into a shaft and drop 1 floor!
 55695 | Depths:2 | Received a gift from Okawaru
 56110 | Depths:1 | You are sucked into a shaft and drop 1 floor!
 56163 | Depths:2 | Killed from afar by a deep elf death mage

Illustrated notes

Levels and vault maps discovered:
D:1:      psy_arrival_dodecagon, layout_rooms, hangedman_glass_teeth,
          supply_closet_lemuel, roderic_filled_cross
D:2:      layout_rooms, serial_curves, eino_curves_01, eino_curves_03,
          basic_altar, basic_ecumenical_altar
D:3:      minmay_razor_zed, layout_loops_ring, lightli_temple_of_fire,
          lemuel_coloured_pillars_altar, vehumet_altar_wand_db, minmay_cut_off
D:4:      layout_basic, cheibriados_altar_1, minmay_temple_entry_glass,
          serial_shops, nicolae_diamond_shop, uniq_crazy_yiuf_cottage,
          uniq_robin, uniq_eustachio
D:5:      layout_basic, mainiacjoe_overflow_24_doors, minmay_chambers_of_fives
D:6:      layout_loops_cross, mainiacjoe_overflow_chevrons, tgw_kikubaaqudgha,
          portal_sewer_entry_b, uniq_blork_the_orc, uniq_grinder
D:7:      layout_loops_ring, gammafunk_temple_overflow_forgotten, uniq_harold
D:8:      layout_layer_cave, special_room [special_room_kobold], uniq_pikel
D:9:      layout_cave_pools, david_lair_generic,
          ploomutoo_gammafunk_ghost_potion_laboratory, centaur_isle
D:10:     layout_loops_ring, nicolae_trove_entry_columns, uniq_josephine,
          uniq_erolcha
D:11:     layout_roguey, muffindrake_ghost_dual_entry
D:12:     layout_loops_ring, david_orc_1_choice, uniq_maurice, uniq_jorgrun
D:13:     layout_loops_ring, serial_glass, glass_columns_b, glass_columns_c,
          due_unseen_surprise, feat_on_display, minmay_strange_pillars,
          nicolae_tso_swordbearing_angel
D:14:     layout_loops_ring, grunt_vaults_entry_fortified,
          chequers_serial_rivers_room_a
D:15:     gammafunk_depths_entry_grave, layout_basic, drop_trap,
          minmay_guarded_unrand_staff_of_olgreb, uniq_agnes
Temple:   minmay_temple_bridge_abc
Lair:1:   layout_cave_pods
Lair:2:   layout_regular_city, swamp_mist, infiniplex_staircase_pool,
          uniq_maggie, uniq_nergalle
Lair:3:   layout_loops_ring, spider_nest_entry_web_field,
          gauntlet_entry_generic, uniq_sonja
Lair:4:   layout_cave_pods, mumra_transporter_accident, serial_bayou_ford_a,
          pf_torpor_hydra, grunt_megastairs_4
Lair:5:   gammafunk_cloud_chamber, layout_small_grid
Lair:6:   cheibrodos_lair_end_hotspot, layout_cave_pods, slime_altar_1,
          portal_ice_cave_rime, bobbens_ice_dragon_lair
Swamp:1:  layout_basic_swamp, evilmike_swamp_ruin_house_3, swamp_pool2,
          uniq_aizul
Swamp:2:  layout_basic_swamp, nicolae_swamp_godswood, swamp_pool5,
          nicolae_swamp_small_spring
Swamp:3:  layout_basic_swamp, gammafunk_ghost_grave, nicolae_swamp_triple_paths,
          swamp_pool3, lemuel_altar_in_water
Swamp:4:  nzn_swamp_witches_coven, layout_basic_swamp
Spider:1: layout_chambers, nicolae_spider_twisty_arc_passages, uniq_donald,
          uniq_frances, uniq_kirke
Spider:2: layout_chambers
Spider:3: nicolae_spider_hilbert_zone_5 [nicolae_spider_hilbert_3_sides_1_open,
          nicolae_spider_hilbert_4_sides_1_open,
          nicolae_spider_hilbert_4_sides_1_open,
          nicolae_spider_hilbert_6_sides_1_open,
          nicolae_spider_hilbert_6_sides_1_open]
Spider:4: floodkiller_spider_rune_tomb, uniq_asterion
Orc:1:    layout_caves, uniq_snorg
Orc:2:    st_orc_mages, layout_diamond_mine, serial_shops, bzr_in_the_mist,
          basic_altar, enter_volcano_1, nicolae_shop_overcharged_wands
Elf:1:    eino_elf_arrival_customs, layout_geoelf_octagon, orc_legates,
          lemuel_upstairs_altar, uniq_nikola
Elf:2:    elven_hall_of_blades_hangedman_original [nicolae_blade_tridents],
          layout_geoelf_grid, serial_shops, nicolae_shop_stone,
          evilmike_spriggan_trog_shrine
Vaults:1: gammafunk_vaults_ghost_fury_of_okawaru, v_misc_24, vaults_mumra_lcd,
          v_misc_27, ontoclasm_vaults_misaligned, vaults_room_grid,
          vaults_room_semicircle, ontoclasm_vaults_chip,
          nicolae_vaults_yaktaur_gun_rack, v_alt_pattern_4, v_pattern_1,
          nicolae_vaults_little_ls, ontoclasm_vaults_pinch, st_cells,
          grunt_vaults_diagonal, vaults_room_grunt_arrival_ludios,
          layout_vaults_omnibox, serial_shops, shop
Vaults:2: minmay_crypt_entry_simple_plaza, st_more_cells,
          nicolae_vaults_specimen_jars, vaults_room_fours, vaults_room_pools,
          nicolae_vaults_what_the_h, nicolae_vaults_network_quinsquares
          [nicolae_vaults_network_quincunx_subvault,
          nicolae_vaults_network_quincunx_subvault,
          nicolae_vaults_network_quincunx_subvault,
          nicolae_vaults_network_quincunx_subvault],
          nicolae_vaults_little_squares_6, vaults_room_ringed_pool, v_misc_26,
          vaults_mumra_hex, v_misc_28, nicolae_vaults_rhombus_6,
          vaults_room_semicircle, layout_vaults_omnicross,
          infiniplex_enter_wizlab_water, uniq_bai_suzhen
Vaults:3: v_misc_2, hangedman_vaults_hard_town_square, vaults_room_hallway,
          hangedman_vaults_nodes, nicolae_vaults_windows_and_doors_thing,
          vaults_room_hallway, ontoclasm_vaults_loading_screen,
          ontoclasm_vaults_twist, v_misc_3, v_misc_26, v_rooms_4,
          vaults_room_semicircle, layout_vaults_maze_snakey, uniq_xtahua,
          uniq_sojobo
Vaults:4: ebering_vaults_ghost_inner_flame, nicolae_vaults_gold_heap,
          ontoclasm_vaults_ring_small, ontoclasm_vaults_eye, v_misc_24,
          v_misc_16, hangedman_vaults_impose, nicolae_vaults_network_barrier,
          vaults_standard_mumra_x, ontoclasm_vaults_decontamination, v_misc_3,
          ontoclasm_vaults_fault, layout_vaults_ring
Depths:1: layout_honeycomb, enter_ziggurat_d, ashenzari_altar_1, abyss_entry,
          hell_entry, minmay_misc_feat_enclosed, grunt_ministairs_6,
          minivault_14, nrook_uturn, hangedman_eye_storm, uniq_enchantress
Depths:2: lemuel_river_lethe, hell_entry

Skill      XL: |  1  2  3  4  5  6  7  8  9 10 11 12 13 14 15 16 17 18 19 20 21 22 23 |
---------------+----------------------------------------------------------------------+-----
Unarmed Combat | 1 2 3 4 5 6 8 10 11 13 15 16 17 18 19 | 19.8
Fighting       | 2 3 4 5 7 8 9 10 12 14 17 18 19 | 19.0
Throwing       | 6 7 9 11 13 14 16 | 16.8
Armour         | 3 5 7 10 12 13 15 | 15.1
Shields        | 3 7 9 11 13 15 | 15.0
Dodging        | |  1.5
Stealth        | |  0.3

Action                   |  1- 3 |  4- 6 |  7- 9 | 10-12 | 13-15 | 16-18 | 19-21 | 22-24 || total
-------------------------+-------+-------+-------+-------+-------+-------+-------+-------++-------
Melee: Short sword       |   176 |   188 |    90 |       |       |       |       |       ||   454
       Punch             |       |     1 |    14 |    23 |       |       |       |       ||    38
       Unarmed           |       |       |   274 |   659 |   793 |  1775 |  1747 |  1177 ||  6425
Throw: Large rock        |       |    10 |       |    10 |    20 |    54 |    15 |     1 ||   110
       Stone             |       |       |    30 |    45 |       |       |       |       ||    75
       Boomerang         |       |       |       |    13 |       |       |       |       ||    13
       Dart              |       |       |       |    13 |       |     1 |     1 |     1 ||    16
       Javelin           |       |       |       |     1 |       |     3 |       |       ||     4
       Throwing net      |       |       |       |       |       |     1 |       |       ||     1
Invok: Heroism           |       |       |       |     2 |     7 |     3 |     5 |     5 ||    22
Evoke: Wand              |       |       |    12 |     1 |       |       |       |       ||    13
  Use: Scroll            |       |       |     3 |    19 |    12 |     5 |     6 |     6 ||    51
       Potion            |       |       |       |     2 |     1 |     3 |     1 |     2 ||     9
 Stab: Sleeping          |       |     2 |       |     1 |       |     1 |     1 |     4 ||     9
       Held in net/web   |       |       |       |     2 |       |       |       |       ||     2
       Distracted        |       |       |       |       |       |       |     1 |     1 ||     2
Armor: Robe              |    77 |    51 |    82 |   156 |       |       |       |       ||   366
       Acid dragon scale |       |       |       |    51 |   159 |   758 |   524 |   225 ||  1717
       Troll leather arm |       |       |       |       |       |       |    68 |   106 ||   174
Dodge: Dodged            |    94 |    89 |   150 |   185 |    90 |   300 |   299 |   146 ||  1353
Block: Tower shield      |       |       |       |   350 |   808 |  2067 |  2043 |  1134 ||  6402
       Other             |       |       |       |    20 |       |       |       |       ||    20
       Reflection        |       |       |       |     9 |    31 |     7 |       |       ||    47
